 Dungeon Crawl Stone Soup version 0.16-a0-3728-gc6b4a4b (webtiles) character file.

112959 Herrn the Destroyer (level 16, -9/100 HPs)
             Began as a Gargoyle Wizard on Jan 21, 2015.
             Was the Champion of Cheibriados.
             Killed from afar by Roxanne (57 damage)
             ... with a crystal spear
             ... on level 15 of the Dungeon on Jan 22, 2015.
             The game lasted 03:23:01 (38041 turns).

Herrn the Destroyer (Gargoyle Wizard)              Turns: 38041, Time: 03:23:04

Health: -9/100     AC: 51    Str: 31    XL:     16   Next: 61%
Magic:  30/30      EV: 14    Int: 39    God:    Cheibriados [******]
Gold:   2117       SH:  0    Dex: 27    Spells: 6 memorised, 12 levels left

rFire  + + +     SeeInvis .     F - +7 battleaxe (venom)
rCold  + + .     Clarity  .     b - +14 gold dragon armour of Leaves {+Twstr rElec rPois+ rF+ rC+ rCorr Dex-2 Stlth-}
rNeg   + + .     SustAb   .     (no shield)
rPois  ∞         Gourm    .     J - +2 helmet
rElec  +         Spirit   .     y - +2 cloak
rCorr  +         Warding  +     (no gloves)
rMut   .         NoTele   +     K - +2 pair of boots of the Assassin {Stlth++}
MR     +....                    T - amulet "Idoafol" {Ward -Tele +Twstr rF++ rN+ Dex+4}
Stlth  ..........               G - ring of protection from cold
                                Y - ring of Chinnen {rElec Str+3 Dex+2 Slay+6}

@: very slow, somewhat resistant to hostile enchantments, extremely unstealthy
A: able to fly continuously, big wings, negative energy resistance 1,
electricity resistance, unbreathing, petrification resistance, rot immunity, AC
+11
a: Fly, Bend Time, Temporal Distortion, Slouch, Step From Time, Renounce
Religion, Evoke Twister


You were on level 15 of the Dungeon.
You worshipped Cheibriados.
Cheibriados was exalted by your worship.
You were hungry.

You visited 5 branches of the dungeon, and saw 29 of its levels.
You visited 1 bazaar.
You also visited: Labyrinth, Bailey and Ice Cave.

You collected 3530 gold pieces.
You spent 1413 gold pieces at shops.

Inventory:

Hand weapons
 t - a +2 battleaxe of flaming
 F - a +7 battleaxe of venom (weapon)
Armour
 b - the +14 gold dragon armour of Leaves (worn) {+Twstr rElec rPois+ rF+ rC+ rCorr Dex-2 Stlth-}
   (You found it in a bailey)

   It affects your dexterity (-2).
   It protects you from fire.
   It protects you from cold.
   It insulates you from electricity.
   It protects you from poison.
   It protects you from acid and corrosion.
   It can be evoked to create a twister.
   It makes you less stealthy.
 y - a +2 cloak (worn)
 J - a +2 helmet (worn)
 K - the +2 pair of boots of the Assassin (worn) {Stlth++}
   (You acquired it on level 2 of the Lair of Beasts)

   It makes you much more stealthy.
 X - a troll hide
Magical staves
 u - an uncursed staff of conjuration
Jewellery
 c - an uncursed amulet of stasis {unknown}
 B - an uncursed ring of wizardry
 G - a ring of protection from cold (right hand)
 M - an uncursed ring of ice
 T - the amulet "Idoafol" (around neck) {Ward -Tele +Twstr rF++ rN+ Dex+4}
   (You found it in a labyrinth)

   [amulet of warding]

   It may prevent the melee attacks of summoned creatures.
   It affects your dexterity (+4).
   It greatly protects you from fire.
   It protects you from negative energy.
   It prevents most forms of teleportation.
   It can be evoked to create a twister.
 U - an uncursed ring of protection from fire
 Y - the ring of Chinnen (left hand) {rElec Str+3 Dex+2 Slay+6}
   (You found it in an ice cave)

   [ring of strength]

   It affects your strength (+3).
   It affects your dexterity (+2).
   It affects your accuracy and damage with ranged weapons and melee attacks
   (+6).
   It insulates you from electricity.
Magical devices
 v - a wand of digging (20)
 w - a wand of teleportation (5)
 z - a wand of teleportation (5)
 C - a wand of digging (9)
 I - a wand of teleportation (4)
 W - a wand of disintegration (3)
Scrolls
 e - 7 scrolls of enchant armour
 f - a scroll of enchant weapon
 g - 9 scrolls of remove curse
 i - 9 scrolls of teleportation
 j - 2 scrolls of silence
 n - 2 scrolls of blinking
 q - 5 scrolls of amnesia
 D - 2 scrolls of immolation {unknown}
 L - a scroll of recharging {unknown}
 N - 2 scrolls of magic mapping
Potions
 a - 4 potions of haste
 k - 2 potions of berserk rage
 m - a potion of heal wounds
 p - 3 potions of agility
 s - 4 potions of curing
 x - 4 potions of resistance
 A - 5 potions of restore abilities
 H - 2 potions of magic
 O - a potion of cancellation
 P - a potion of cure mutation
Books
 l - a book of Enchantments

   Spells                             Type                      Level
   a - Tukima's Dance                 Hexes                        3
   b - Cause Fear                     Hexes                        4
   c - Silence                        Hexes/Air                    5
   d - Deflect Missiles               Charms/Air                   6
   e - Haste                          Charms                       6
   f - Discord                        Hexes                        8
 S - a book of Fire

   Spells                             Type                      Level
   a - Ignite Poison                  Fire/Transmutation           5
   b - Fireball                       Conjuration/Fire             5
   c - Bolt of Fire                   Conjuration/Fire             6
   d - Delayed Fireball               Conjuration/Fire             7
   e - Ring of Flames                 Charms/Fire                  7
Comestibles
 d - 12 bread rations
 h - 18 fruits
 o - 7 meat rations
 r - 4 beef jerkies
 E - 5 slices of pizza
 R - 8 royal jellies


   Skills:
 + Level 11.2 Fighting
 + Level 13.9 Axes
 + Level 8.0 Armour
 * Level 9.0 Dodging
 - Level 2.1 Stealth
 - Level 7.0 Spellcasting
 - Level 14.0 Conjurations
 * Level 6.8 Charms
   Level 0.8 Summonings
 - Level 0.8 Translocations
 - Level 8.6 Fire Magic
 - Level 6.0 Invocations
 - Level 1.3 Evocations


You had 12 spell levels left.
You knew the following spells:

 Your Spells              Type           Power        Failure   Level  Hunger
a - Magic Dart            Conj           ####         1%          1    None
b - Repel Missiles        Chrm/Air       #####.       28%         2    None
c - Blink                 Tloc           N/A          78%         2    None
d - Conjure Flame         Conj/Fire      #######.     1%          3    None
e - Bolt of Fire          Conj/Fire      #######...   90%         6    #####..
f - Regeneration          Chrm/Necr      #####.....   58%         3    None


Dungeon Overview and Level Annotations

Branches:
Dungeon (15/15)            Temple (1/1) D:5            Lair (8/8) D:10
  Swamp (1/5) Lair:6       Spider (0/5) Lair:5        Slime (0/6) Lair:7
    Orc (4/4) D:12            Elf (0/3) Orc:4        Vaults (0/5) D:13
 Depths (0/5) D:15

Altars:
Ashenzari
Cheibriados
Dithmenos
Elyvilon
Fedhas
Gozag
Kikubaaqudgha
Makhleb
Nemelex Xobeh
Okawaru
Qazlal
Ru
Sif Muna
Trog
Vehumet
Xom
Yredelemnul
Zin
The Shining One
Beogh
Jiyva

Shops:
D:4 :*   D:6 ?   D:9 }   D:10 (   D:11 *   Orc:3 }   Orc:4 *:([

Annotations:
D:8 runed door
D:15 exclusion: Roxanne, Roxanne
Orc:1 runed door


Innate Abilities, Weirdness & Mutations

You are resistant to torment.
You are immune to poison.
You can fly continuously.
Your stone body is very resilient (AC +11).
Your wings are large and strong.
You resist negative energy.
You are resistant to electric shocks.
You can survive without breathing.
You are immune to petrification.
You are immune to rotting.


Message History

The iron shot hits you!
Ouch! That really hurt!
You slice Roxanne!!
Roxanne is moderately damaged.
You hit Roxanne.
Roxanne is moderately damaged.
You slice Roxanne like a ripe choko!!!
Roxanne is heavily damaged.
You hit Roxanne but do no damage.
Roxanne is heavily damaged.
You slash Roxanne!
Roxanne is heavily damaged.
You slash Roxanne!
Roxanne is severely damaged.
Roxanne mumbles some strange words.
The crystal spear hits you!
Ouch! That really hurt!
You have identified the last scroll.
L - a scroll of recharging {unknown} You die...

#####.# ##.....##
......## ##.......##
##...####.........#
#.....).'⌠.⌠......'
###...###.._.......#
#.....# ##⌠.⌠.....##
#.#...# ##......##
#.##.## ###...##
#..@.# ###'####
#.....8.# ......#
####...?# #.##.##
#?##.# ##...... #.
.#. # ##...#.## #. #
#. #.#......# # #
#........#
#######...###
..........#


You could see Roxanne.

Vanquished Creatures
  Rupert (D:14)
  An orc warlord (Orc:4)
  Louise (D:15)
  Gastronok (Lair:1)
  A dire elephant (Lair:8)
  Snorg (Orc:1)
  2 vault guards (D:13)
  A minotaur (Lab)
  Josephine (D:10)
  Fannar (Lair:6)
  7 hydras
  2 ice dragons (IceCv)
  Erica (D:15)
  17 death yaks
  A deep troll shaman (Lair:8)
  A vampire mage (D:15)
  An alligator (Swamp:1)
  2 catoblepae
  Nergalle (Lair:2)
  2 skeletal warriors (D:15)
  An orc high priest (Orc:4)
  A swamp dragon (Swamp:1)
  2 ice statues (IceCv)
  A shadow dragon zombie (D:15)
  Pikel (D:5)
  5 orc sorcerers
  2 necromancers
  2 hill giants
  5 orc knights
  2 griffons (Lair:7)
  5 black mambas
  12 ugly things
  A cyclops (D:14)
  8 elephants
  A water nymph (shapeshifter) (D:14)
  2 manticores
  Maurice (D:11)
  A torpor snail (Lair:5)
  3 gargoyles
  12 komodo dragons
  An emperor scorpion zombie (D:15)
  14 spiny frogs
  A yaktaur (D:13)
  A redback zombie (D:13)
  3 fire drakes
  2 polar bears (Lair:8)
  A tengu conjurer (D:15)
  2 two-headed ogres
  2 jumping spiders (Lair:5)
  9 trolls
  A queen bee (D:10)
  A giant leech (Swamp:1)
  A deep troll zombie (D:15)
  6 ravens
  10 slime creatures (D:13)
  3 boulder beetles
  A water elemental (D:11)
  9 basilisks
  A redback (Lair:5)
  A spriggan (Lair:7)
  2 wraiths (D:15)
  48 yaks
  13 blink frogs
  2 shadows
  Eustachio (D:8)
  A deep elf mage (D:12)
  5 wyverns
  20 humans (D:13)
  Grum (D:13)
  15 wolves
  11 hippogriffs
  A hungry ghost (D:9)
  4 vampire mosquitoes (D:15)
  2 swamp worms (Swamp:1)
  3 wargs
  37 orc warriors
  The ghost of Charly the Ruffian, an average VSMo (D:4)
  11 water moccasins
  3 slaves (D:5)
  A soldier ant (D:13)
  11 porcupines
  2 spiders (Lair:5)
  5 phantoms
  2 wasps
  7 sky beasts
  2 swamp drakes
  4 black bears
  3 boggarts (D:15)
  11 ogres
  An eye of draining (D:15)
  7 crocodiles
  25 ice beasts
  10 centaurs
  4 big kobolds
  3 boring beetles
  A brain worm (D:13)
  A wyvern zombie (D:10)
  15 giant frogs
  5 scorpions
  A wyvern skeleton (D:7)
  2 water moccasin skeletons
  6 wights (D:7)
  24 killer bees
  4 jellies
  7 electric eels
  10 crimson imps
  3 goliath beetles
  3 centaur zombies
  13 hounds
  5 giant frog skeletons
  32 orc priests
  3 giant frog zombies
  7 centaur skeletons
  9 iguanas
  49 orc wizards
  An elf zombie (D:15)
  A killer bee zombie (D:10)
  11 worker ants
  23 sheep
  2 hound zombies
  A hound skeleton (D:6)
  2 mummies
  Robin (D:3)
  4 gnolls
  40 river rats
  A worker ant zombie (D:7)
  22 adders
  2 shadow imps
  A giant mite (D:2)
  12 white imps (Lair:2)
  2 worms
  A giant eyeball (D:6)
  An adder zombie (D:7)
  3 adder skeletons
  An orc skeleton (Orc:3)
  An adder simulacrum (D:10)
  6 giant geckos
  3 oozes
  201 orcs
  42 goblins
  27 hobgoblins
  10 jackals
  36 kobolds
  16 quokkas
  2 ball pythons
  18 bats
  6 giant cockroaches
  A giant gecko skeleton (D:5)
  6 giant newts
  A giant spore (D:5)
  8 orc zombies
  9 rats
  8 ballistomycetes
  7 fungi
  31 plants
1234 creatures vanquished.

Vanquished Creatures (others)
  A necromancer (D:13)
  A hound (D:10)
  An adder (D:10)
  7 orcs
  3 giant spores
  13 fungi
  2 plants (Lair:8)
28 creatures vanquished.

Grand Total: 1262 creatures vanquished

Notes
Turn   | Place    | Note
--------------------------------------------------------------
     0 | D:1      | Herrn, the Gargoyle Wizard, began the quest for the Orb.
     0 | D:1      | Reached XP level 1. HP: 10/10 MP: 4/4
   447 | D:1      | Reached XP level 2. HP: 16/16 MP: 0/6
   638 | D:1      | Reached skill level 1 in Fighting
  1296 | D:1      | Learned a level 2 spell: Repel Missiles
  1299 | D:1      | Learned a level 2 spell: Blink
  1313 | D:1      | Reached skill level 1 in Axes
  1313 | D:1      | Reached XP level 3. HP: 20/20 MP: 5/7
  1893 | D:2      | You fall through a shaft!
  2636 | D:2      | Reached XP level 4. HP: 25/25 MP: 5/9
  3148 | D:3      | Reached skill level 1 in Evocations
  3669 | D:3      | Reached XP level 5. HP: 30/30 MP: 6/11
  4260 | D:2      | Reached skill level 4 in Conjurations
  4565 | D:3      | Learned a level 3 spell: Conjure Flame
  5071 | D:3      | Noticed Robin
  5135 | D:3      | Killed Robin
  5135 | D:3      | Reached XP level 6. HP: 35/35 MP: 3/12
  5387 | D:4      | Found a snail-covered altar of Cheibriados.
  5511 | D:4      | Became a worshipper of Cheibriados the Contemplative
  5590 | D:4      | Reached skill level 5 in Conjurations
  5611 | D:4      | Noticed Charly's ghost (average VSMo)
  5613 | D:4      | Killed Charly's ghost
  5672 | D:4      | Found a blossoming altar of Fedhas.
  5695 | D:4      | Found Mnoxy's General Store.
  5698 | D:4      | Bought a +1 battleaxe of venom for 162 gold pieces
  6097 | D:4      | Found Ashreg's Book Shop.
  6252 | D:4      | Reached XP level 7. HP: 33/40 MP: 4/14
  6450 | D:5      | Entered Level 5 of the Dungeon
  6609 | D:5      | Found a staircase to the Ecumenical Temple.
  6615 | Temple   | Entered the Ecumenical Temple
  6881 | D:5      | Reached skill level 6 in Conjurations
  7432 | D:5      | Found a deep blue altar of Sif Muna.
  7647 | D:5      | Noticed Pikel
  7685 | D:5      | Killed Pikel
  7685 | D:5      | Reached skill level 7 in Conjurations
  7685 | D:5      | Reached XP level 8. HP: 39/45 MP: 1/18
  9385 | D:6      | Reached skill level 8 in Conjurations
  9385 | D:6      | Reached XP level 9. HP: 41/51 MP: 9/20
  9778 | D:6      | Reached skill level 5 in Spellcasting
  9970 | D:6      | Found Disiapna's Magic Scroll Shop.
 10127 | D:6      | Acquired Cheibriados' first power
 11246 | D:6      | Reached skill level 5 in Axes
 11631 | D:7      | Acquired Cheibriados' second power
 11631 | D:7      | Reached skill level 9 in Conjurations
 11813 | D:7      | Noticed a centaur skeleton
 11823 | D:7      | Killed a centaur skeleton
 11869 | D:7      | Reached XP level 10. HP: 56/56 MP: 4/23
 13026 | D:8      | Found a huge runed gate.
 13130 | D:8      | Acquired Cheibriados' third power
 13434 | D:8      | Found a huge runed gate.
 13434 | D:8      | Found a huge runed gate.
 13435 | D:8      | Found a huge runed gate.
 13520 | D:8      | Noticed Eustachio
 13535 | D:8      | Killed Eustachio
 13535 | D:8      | Reached skill level 10 in Conjurations
 14201 | D:9      | Found a shadowy altar of Dithmenos.
 14256 | D:9      | Found a sacrificial altar of Ru.
 14372 | D:9      | Found Joiq's Gadget Emporium.
 14629 | D:9      | Got a dazzling leather armour
 14640 | D:9      | Identified the +0 leather armour of Happiness {*Tele rPois+ rN- MP+9 Str+2 Slay+6} (You found it on level 9 of the Dungeon)
 14750 | D:10     | Entered Level 10 of the Dungeon
 14801 | D:10     | Reached skill level 5 in Fighting
 14801 | D:10     | Reached skill level 5 in Dodging
 14802 | D:10     | Noticed Josephine
 15374 | D:9      | Reached XP level 11. HP: 63/63 MP: 21/26
 15470 | D:10     | Learned a level 6 spell: Bolt of Fire
 15631 | D:10     | Reached skill level 11 in Conjurations
 15666 | D:10     | Reached skill level 1 in Fire Magic
 15723 | D:10     | Found a staircase to the Lair.
 15755 | D:10     | Found Gem Ast's Weapon Emporium.
 15765 | D:10     | Killed Josephine
 16439 | D:11     | Found Vyawk's Assorted Antiques.
 16446 | D:11     | Bought a scroll labeled SKORAI CLAVAIP for 20 gold pieces
 16446 | D:11     | Bought a scroll labeled HYSHO FRAZO for 20 gold pieces
 16446 | D:11     | Bought a scroll of teleportation for 60 gold pieces
 16671 | D:11     | Noticed a hill giant
 16678 | D:11     | Killed a hill giant
 16885 | D:11     | Noticed Maurice
 16902 | D:11     | Killed Maurice
 17023 | D:11     | Learned a level 3 spell: Regeneration
 17581 | D:12     | Found a flagged portal.
 17586 | D:12     | Got a warped halberd
 17591 | Bailey   | Entered a bailey
 17601 | Bailey   | Identified the +0 halberd "Ecimulou" {freeze, rPois- rN+ MR+ Str+4} (You found it on level 12 of the Dungeon)
 17662 | Bailey   | Noticed an orc knight
 17772 | Bailey   | Killed an orc knight
 18221 | Bailey   | Reached XP level 12. HP: 59/71 MP: 27/27
 18226 | Bailey   | Reached skill level 12 in Conjurations
 18505 | Bailey   | Got a brightly glowing gold dragon armour
 18508 | Bailey   | Got a heavily runed shield
 18519 | Bailey   | Identified the +14 gold dragon armour of Leaves {+Twstr rElec rPois+ rF+ rC+ rCorr Dex-2 Stlth-} (You found it in a bailey)
 19030 | D:12     | Reached skill level 1 in Armour
 19220 | D:12     | Found a staircase to the Orcish Mines.
 19793 | D:13     | Found a flickering gateway to a bazaar.
 19802 | Bazaar   | Entered a bazaar
 19802 | Bazaar   | Found Ciulug's Food Shoppe.
 19802 | Bazaar   | Found Bamn's Antique Armour Shoppe.
 19802 | Bazaar   | Found Bleux's Gadget Emporium.
 19803 | Bazaar   | Found Khas' Weapon Emporium.
 19821 | Bazaar   | Bought a pair of glowing boots for 94 gold pieces
 19832 | Bazaar   | Bought a wand of teleportation (5) for 243 gold pieces
 19832 | Bazaar   | Bought a wand of digging (11) for 270 gold pieces
 20263 | D:13     | Noticed a vault guard
 20283 | D:13     | Killed a vault guard
 20283 | D:13     | Reached skill level 10 in Axes
 20455 | D:13     | Found a gate to the Vaults.
 20455 | D:13     | Noticed a vault guard
 20462 | D:13     | Killed a vault guard
 20659 | D:13     | Reached skill level 5 in Fire Magic
 20666 | D:13     | Reached XP level 13. HP: 37/78 MP: 28/28
 21281 | D:13     | Noticed Grum
 21288 | D:13     | Killed Grum
 21412 | D:13     | Upgraded the game from 0.16-a0-3722-g5e7e3b6 to 0.16-a0-3728-gc6b4a4b
 21575 | Orc:1    | Entered Level 1 of the Orcish Mines
 21575 | Orc:1    | Noticed Snorg
 21584 | Orc:1    | Killed Snorg
 21986 | Lair:1   | Entered Level 1 of the Lair of Beasts
 22273 | Lair:1   | Reached skill level 1 in Invocations
 22324 | Lair:1   | Noticed Gastronok
 22339 | Lair:1   | Killed Gastronok
 23250 | Lair:2   | Identified a scroll of acquirement
 23332 | Lair:2   | Found a frozen archway.
 23351 | IceCv    | Entered an ice cave
 23905 | IceCv    | Reached skill level 1 in Charms
 24058 | IceCv    | Got a brightly glowing ivory ring
 24093 | IceCv    | Identified the ring of Chinnen {rElec Str+3 Dex+2 Slay+6} (You found it in an ice cave)
 24102 | IceCv    | Got a vibrating granite ring
 24105 | IceCv    | Identified the ring "Psixzun" {+/*Tele +Inv rElec Str+4 Int+2 Dex-4} (You found it in an ice cave)
 24400 | Lair:2   | Noticed Nergalle
 24404 | Lair:2   | Killed Nergalle
 24839 | Lair:2   | Found a bloodstained altar of Trog.
 24936 | Lair:2   | Reached skill level 13 in Conjurations
 25417 | Lair:3   | Gained mutation: Your wings are large and strong. [gargoyle growth]
 25417 | Lair:3   | Reached XP level 14. HP: 81/84 MP: 29/29
 25913 | Lair:4   | Reached skill level 5 in Armour
 26191 | Lair:4   | Got a scorched dire flail
 26501 | Lair:5   | Found a labyrinth entrance.
 26512 | Lab      | Entered a labyrinth
 26738 | Lab      | Got a pitted graven amulet
 26739 | Lab      | Identified the amulet "Idoafol" {Ward -Tele +Twstr rF++ rN+ Dex+4} (You found it in a labyrinth)
 26741 | Lab      | Got a smelly scale mail
 26754 | Lair:5   | Identified the +4 dire flail of Mana {flame, MP+9 Stlth++} (You found it on level 4 of the Lair of Beasts)
 27063 | Lair:5   | Found a hole to the Spider Nest.
 28316 | Lair:6   | Found a staircase to the Swamp.
 28441 | Lair:6   | Reached skill level 5 in Invocations
 28760 | Lair:6   | Noticed Fannar
 28776 | Lair:6   | Killed Fannar
 28776 | Lair:6   | Reached XP level 15. HP: 91/91 MP: 29/29
 28795 | Lair:6   | Identified the +0 scale mail of the Lonely Planets {-Cast rC+ Regen+ Int+3} (You found it in a labyrinth)
 29123 | Lair:6   | Identified the +3 shield of Courage {rC+ Dex+4} (You found it in a bailey)
 29857 | Lair:7   | Found a viscous altar of Jiyva.
 29857 | Lair:7   | Found a staircase to the Slime Pits.
 30488 | Lair:8   | Entered Level 8 of the Lair of Beasts
 30504 | Lair:8   | Got a polished ring mail
 30569 | Lair:8   | Identified the +3 ring mail of Freedom {rElec Str+5} (You found it on level 8 of the Lair of Beasts)
 30929 | Lair:8   | Reached skill level 5 in Charms
 30933 | Lair:8   | Reached skill level 10 in Fighting
 31239 | Lair:8   | Got a distressingly furry ring mail
 31260 | Lair:8   | Identified the cursed -5 ring mail of Mulaseg {Regen+ Int-2 SInv} (You found it on level 8 of the Lair of Beasts)
 31275 | Lair:8   | Got a brightly glowing morningstar
 31276 | Lair:8   | Identified the +3 morningstar of the Shark {elec, MR+ Int+4 Dex+2} (You found it on level 8 of the Lair of Beasts)
 31284 | Lair:8   | Gained mutation: You have a pair of small antennae on your head. [potion of mutation]
 31284 | Lair:8   | Gained mutation: You are frail (-10% HP). [potion of mutation]
 31284 | Lair:8   | Lost mutation: You are frail (-10% HP). [potion of mutation]
 31285 | Lair:8   | Lost mutation: You have a pair of small antennae on your head. [potion of cure mutation]
 32016 | Swamp:1  | Entered Level 1 of the Swamp
 32672 | Orc:1    | Found a shimmering altar of Xom.
 32813 | Orc:1    | Found a runed door.
 32968 | Orc:1    | Found a roughly hewn altar of Beogh.
 33604 | Orc:3    | Found Doakk's Gadget Shop.
 34352 | Orc:4    | Entered Level 4 of the Orcish Mines
 34368 | Orc:4    | Found a staircase to the Elven Halls.
 35072 | Orc:4    | Reached XP level 16. HP: 71/98 MP: 30/30
 35203 | Orc:4    | Reached skill level 14 in Conjurations
 35275 | Orc:4    | Found a roughly hewn altar of Beogh.
 35293 | Orc:4    | Found Gonoc's Antique Weapon Shoppe.
 35367 | Orc:4    | Found Thryal's Antique Armour Shoppe.
 35385 | Orc:4    | Found Pnieh's Book Shoppe.
 35437 | Orc:4    | Found Frutenk's General Store.
 35732 | Orc:4    | Bought a smelly leather armour for 231 gold pieces
 35732 | Orc:4    | Bought a shimmering chain mail for 313 gold pieces
 35742 | Orc:4    | Identified the +5 leather armour of Curiosity {rPois+} (You bought it in a shop on level 4 of the Orcish Mines)
 35752 | Orc:4    | Identified the +6 chain mail of Blozxah {-Tele +Inv rElec rPois- rF++ rCorr Slay+5} (You bought it in a shop on level 4 of the Orcish Mines)
 36505 | D:14     | Noticed Rupert
 36526 | D:14     | Killed Rupert
 37053 | D:15     | Entered Level 15 of the Dungeon
 37413 | D:15     | Noticed Louise
 37419 | D:15     | Killed Louise
 37642 | D:15     | Found a staircase to the Depths.
 37889 | D:15     | Found a sparkling altar of Nemelex Xobeh.
 37908 | D:15     | Noticed Roxanne
 37917 | D:15     | Noticed Erica
 37923 | D:15     | Killed Erica
 38041 | D:15     | Killed from afar by Roxanne

Action                   |  1- 3 |  4- 6 |  7- 9 | 10-12 | 13-15 | 16-18 || total
-------------------------+-------+-------+-------+-------+-------+-------++-------
Melee: Unarmed           |    13 |       |       |       |       |       ||    13
       Hand axe          |       |    75 |       |       |       |       ||    75
       Battleaxe         |       |     4 |   180 |   528 |  1267 |   318 ||  2297
       Halberd           |       |       |       |    80 |       |       ||    80
 Cast: Magic Dart        |    91 |   207 |   363 |   377 |       |       ||  1038
       Conjure Flame     |       |       |     8 |    11 |       |       ||    19
       Repel Missiles    |       |       |     1 |     5 |       |       ||     6
Invok: Bend Time         |       |       |       |     1 |       |       ||     1
       Temporal Distorti |       |       |       |       |       |     4 ||     4
Evoke: Wand              |       |     5 |     3 |       |     2 |       ||    10
  Use: Scroll            |       |     7 |     4 |    26 |    18 |     3 ||    58
       Potion            |       |       |     2 |     6 |     2 |       ||    10
 Stab: Sleeping          |       |       |     1 |     1 |       |       ||     2
       Distracted        |       |       |     1 |       |       |       ||     1
  Eat: Chunk             |     5 |    10 |    14 |    21 |    30 |     8 ||    88
       Pizza             |       |       |       |       |     1 |       ||     1
       Fruit             |       |       |       |       |     1 |       ||     1
